 Dungeon Crawl Stone Soup version 0.24.1-14-gf8d2b509d9 (webtiles) character file.

Game seed: 16699537929346035884, levelgen mode: deterministic

126 barney the Changer (level 4, 0/52 HPs)
             Began as a Draconian Transmuter on Sept 29, 2021.
             Succumbed to an adder's poison
             ... on level 2 of the Dungeon.
             The game lasted 00:01:51 (1210 turns).

barney the Changer (Draconian Transmuter)           Turns: 1210, Time: 00:01:51

Health: 0/52       AC:  2    Str: 18    XL:     4   Next: 83%
Magic:  1/7        EV: 19    Int: 14    God:
Gold:   40         SH:  0    Dex: 16    Spells: 3/7 levels left

rFire    . . .     SeeInvis .     - Unarmed
rCold    . . .     Gourm    .   (shield currently unavailable)
rNeg     . . .     Faith    .   (armour unavailable)
rPois    x         Spirit   .   (helmet currently unavailable)
rElec    .         Reflect  .   (cloak currently unavailable)
rCorr    .         Harm     .   (gloves currently unavailable)
MR       .....                  (boots currently unavailable)
Stlth    ..........             (no amulet)
HPRegen  0.17/turn              (no ring)
MPRegen  0.10/turn              (no ring)

@: berserking, lethally poisoned (0 -> -5), spider-form (expiring), hasted, very
quick
A: tiny, unfitting armour, AC +5
a: End Transformation


You were on level 2 of the Dungeon.
You were not hungry.
You were a venomous arachnid creature.
You visited 1 branch of the dungeon, and saw 2 of its levels.

You collected 40 gold pieces.

Inventory:

Missiles
 a - 26 arrows
Jewellery
 d - a cursed -5 ring of evasion {unknown}
 j - an uncursed ring of magical power {unknown}
Scrolls
 b - a scroll of fear {unknown}
 f - 2 scrolls of teleportation {unknown}
 h - a scroll of remove curse {unknown}
Potions
 i - a potion of agility
Comestibles
 c - 3 rations
 g - 2 chunks of flesh


   Skills:
 - Level 1.1 Fighting
 - Level 1.7 Dodging
 - Level 3.0 Unarmed Combat
 - Level 2.0 Spellcasting
 + Level 5.1 Transmutations


You had 3 spell levels left.
You knew the following spells:

 Your Spells              Type           Power        Failure   Level  Hunger
a - Beastly Appendage     Tmut           ###...       11%         1    ##.....
b - Spider Form           Tmut/Pois      #.........   47%         3    ####...

Your spell library contained the following spells:

 Spells                   Type           Power        Failure   Level  Hunger
 Sticks to Snakes         Tmut           ###.....     13%         2    ###....
 Ice Form                 Ice/Tmut       #.......     82%         4    #####..
 Blade Hands              Tmut           ###.......   82%         5    ######.


Dungeon Overview and Level Annotations

Branches:
Dungeon (2/15)

Altars:
Uskayaw
The Shining One


Innate Abilities, Weirdness & Mutations

((Your plain brown scales are hard. (AC +5)))
You cannot fit into any form of body armour.
((You are cold-blooded and may be slowed by cold attacks.))


Message History

The adder is heavily wounded.
The adder bites you.
* * * LOW HITPOINT WARNING * * *
You are lethally poisoned!
The adder poisons you!
It was a potion of haste.
You feel yourself speed up.
* * * LOW HITPOINT WARNING * * *
You feel sick. The adder barely misses you. The adder completely misses you.
It was a potion of berserk rage.
A red film seems to cover your vision as you go berserk!
You feel yourself moving faster!
You feel mighty!
* * * LOW HITPOINT WARNING * * *
You feel sick. The adder misses you.
You bite the adder!
You kill the adder!
* * * LOW HITPOINT WARNING * * *
You feel sick.
You feel a strong urge to attack something.
Your transformation is almost over.
You die...

#..####.#.......
#.............[.
#..#.##.########
#.#..#.##...####
...>.#.####.....
.##........###.##
#....8.8.8......(#
####........###..#
###......s......#
.........#.##†..#
###....)_#..#...#
#......#..#...#
#.............#
#.........#.#.#
#...8.8.8..##.#.#
#.#...........#.#
#.#.###.#.####


There were no monsters in sight!

Vanquished Creatures
  Jessica (D:2)
  Natasha (twice) (D:2)
  2 adders (D:2)
  An ooze (D:1)
  A leopard gecko (D:1)
  A giant cockroach (D:1)
  6 goblins (D:1)
  2 hobgoblins (D:1)
  2 jackals (D:1)
  A ball python (D:1)
  2 bats (D:1)
  A frilled lizard (D:1)
  5 kobolds (D:1)
  5 rats
32 creatures vanquished.

Notes
Turn   | Place    | Note
-------+----------+-------------------------------------------
     0 | D:1      | barney the Draconian Transmuter began the quest for the
                  | Orb.
     0 | D:1      | Reached XP level 1. HP: 16/16 MP: 3/3
   423 | D:1      | Reached XP level 2. HP: 23/23 MP: 5/5
   473 | D:1      | Reached skill level 3 in Transmutations
   627 | D:1      | Found a glowing golden altar of the Shining One.
   870 | D:1      | Reached XP level 3. HP: 28/28 MP: 6/6
  1075 | D:1      | Learned a level 3 spell: Spider Form
  1110 | D:2      | Found a hide-covered altar of Uskayaw.
  1125 | D:2      | Noticed Natasha
  1125 | D:2      | Noticed Jessica
  1131 | D:2      | Killed Jessica
  1131 | D:2      | Reached skill level 4 in Transmutations
  1131 | D:2      | Reached XP level 4. HP: 28/35 MP: 3/7
  1141 | D:2      | Killed Natasha
  1175 | D:2      | Noticed Natasha
  1184 | D:2      | Killed Natasha
  1184 | D:2      | Reached skill level 5 in Transmutations
  1206 | D:2      | HP: 2/52 [poisoned by an adder]
  1210 | D:2      | Succumbed to an adder's poison

Levels and vault maps discovered:
D:1:      dpeg_cavernosity, layout_basic, tso_metal_star
D:2:      layout_basic, eat_drink_and_be_merry_uskayaw,
          kennysheep_big_empty_room, uniq_natasha, uniq_jessica, uniq_terence

Skill      XL: |  1  2  3  4 |
---------------+-------------+-----
Transmutations | 3 4 5 |  5.1
Fighting       | |  1.1
Dodging        | |  1.7
Unarmed Combat | |  3.0
Spellcasting   | |  2.0

Action                   |  1- 3 |  4- 6 || total
-------------------------+-------+-------++-------
Melee: Unarmed           |   104 |    19 ||   123
       Tailslap          |    15 |       ||    15
       Punch             |     1 |       ||     1
       Kick              |     4 |       ||     4
       Headbutt          |     1 |       ||     1
 Cast: Beastly Appendage |     7 |       ||     7
       Spider Form       |     1 |     2 ||     3
  Use: Potion            |       |     2 ||     2
 Stab: Sleeping          |     1 |       ||     1
  Eat: Chunk             |     1 |     1 ||     2
Armor: Skin              |    32 |     2 ||    34
Dodge: Dodged            |    60 |    21 ||    81
